AAA EAST
INDIANAPOLIS INDIANS @ ALTOONA CURVE
08/09/2041
 
TOP OF THE 1ST
Indianapolis Indians batting - Pitching for Altoona Curve : RHP Bob Ellison
Pitching: RHP Bob Ellison
Batting: RHB Steve Jenkins 0-0: Ball
1-0: Foul Ball, location: 5F
1-1: Swinging Strike
1-2: Foul Ball, location: 9LMF
1-2: Ball
2-2: Foul Ball, location: 7LSF
2-2: SINGLE (Groundball, 6D, EV 95.6 MPH)
Batting: RHB Johnny Owen 0-0: Called Strike
0-1: Ball
Steve Jenkins steals 2nd base
1-1: Foul Ball, location: 7LMF
1-2: Ball
2-2: SINGLE (Line Drive, 56D, EV 96.3 MPH)
Steve Jenkins to third
Runner from 3rd tries for Home, SAFE, throw by LF to home
Batting: SHB Elvis Lang 0-0: Called Strike
0-1: Foul Ball, location: 2F
0-2: Ball
1-2: Grounds into double play, 4-6-3 (Groundball, 4, EV 83.8 MPH)
Batting: LHB Jesús Benavidez 0-0: Fly out, F8 (Flyball, 78D, EV 93.1 MPH)
Top of the 1st over - 1 run, 2 hits, 0 errors, 0 left on base; Indianapolis 1 - Altoona 0
BOTTOM OF THE 1ST
Altoona Curve batting - Pitching for Indianapolis Indians : RHP Sergio Quiñonez
Pitching: RHP Sergio Quiñonez
Batting: SHB Ernesto Ramírez 0-0: Ball
1-0: Foul Ball, location: 3DF
1-1: Ball
2-1: Foul Ball, location: 23F
2-2: Ball
3-2: Ground out 4-3 (Groundball, 4, EV 85.6 MPH)
Batting: RHB Eric Simon 0-0: Ball
1-0: Fly out, F7 (Flyball, 7, EV 95.6 MPH)
Batting: LHB Albert Hernández 0-0: Foul Ball, location: 2RF
0-1: Ball
1-1: Ball
2-1: Ball
3-1: SINGLE (Line Drive, 78S, EV 96.3 MPH)
Batting: LHB Joe Myers 0-0: Called Strike
0-1: Ball
1-1: Called Strike
1-2: Ball
2-2: Strikes out swinging
Bottom of the 1st over - 0 runs, 1 hit, 0 errors, 1 left on base; Indianapolis 1 - Altoona 0
TOP OF THE 2ND
Indianapolis Indians batting - Pitching for Altoona Curve : RHP Bob Ellison
Batting: RHB César Otero 0-0: Called Strike
0-1: Swinging Strike
0-2: Fly out, F5 (Popup, 5F, EV 72.5 MPH)
Batting: RHB José Vargas 0-0: Ball
1-0: Called Strike
1-1: Swinging Strike
1-2: Strikes out swinging
Batting: RHB Chris Smith 0-0: Foul Ball, location: 2F
0-1: Ball
1-1: Fly out, F7 (Flyball, 7LS, EV 95.0 MPH)
Top of the 2nd over - 0 runs, 0 hits, 0 errors, 0 left on base; Indianapolis 1 - Altoona 0
BOTTOM OF THE 2ND
Altoona Curve batting - Pitching for Indianapolis Indians : RHP Sergio Quiñonez
Batting: SHB Dave Brooks 0-0: Ball
1-0: Ball
2-0: Called Strike
2-1: Foul Ball, location: 7LMF
2-2: Foul Ball, location: 5SF
2-2: Ball
3-2: Foul Ball, location: 2LF
3-2: Base on Balls
Batting: RHB Tomás Alvarado 0-0: Bunt missed!
0-1: Sac Bunt to 13S - play at first, batter OUT! 1-3
Dave Brooks to second
Batting: RHB Josh Thompson 0-0: Foul Ball, location: 9LMF
0-1: Swinging Strike
0-2: Ball
1-2: Foul Ball, location: 5F
1-2: Ball
2-2: Ball
3-2: Strikes out swinging
Batting: RHB Bob Ellison 0-0: Fly out, F9 (Flyball, 9S, EV 91.9 MPH)
Bottom of the 2nd over - 0 runs, 0 hits, 0 errors, 1 left on base; Indianapolis 1 - Altoona 0
TOP OF THE 3RD
Indianapolis Indians batting - Pitching for Altoona Curve : RHP Bob Ellison
Batting: RHB Manny García 0-0: Swinging Strike
0-1: Ball
1-1: Ground out 4-3 (Groundball, 4, EV 101.3 MPH)
Batting: RHB Manny Martínez 0-0: Swinging Strike
0-1: Ground out 1-3 (Groundball, 13S, EV 68.1 MPH)
Batting: RHB Steve Jenkins 0-0: Swinging Strike
0-1: Called Strike
0-2: Foul Ball, location: 7LDF
0-2: Ball
1-2: Ball
2-2: Foul Ball, location: 5F
2-2: Strikes out swinging
Top of the 3rd over - 0 runs, 0 hits, 0 errors, 0 left on base; Indianapolis 1 - Altoona 0
BOTTOM OF THE 3RD
Altoona Curve batting - Pitching for Indianapolis Indians : RHP Sergio Quiñonez
Batting: LHB Jim Unknown 0-0: Foul Ball, location: 7LDF
0-1: Ball
1-1: Bunt for hit to 3S - play at first, batter OUT! 3-4
Batting: SHB Ernesto Ramírez 0-0: Fly out, F8 (Flyball, 8LM, EV 78.1 MPH)
Batting: RHB Eric Simon 0-0: Called Strike
0-1: Ball
1-1: Foul Ball, location: 7LMF
1-2: Ball
2-2: Ground out 6-3 (Groundball, 6, EV 102.5 MPH)
Bottom of the 3rd over - 0 runs, 0 hits, 0 errors, 0 left on base; Indianapolis 1 - Altoona 0
TOP OF THE 4TH
Indianapolis Indians batting - Pitching for Altoona Curve : RHP Bob Ellison
Batting: RHB Johnny Owen 0-0: Called Strike
0-1: Ball
1-1: Ball
2-1: Ball
3-1: Called Strike
3-2: Foul Ball, location: 2F
3-2: Fly out, F8 (Flyball, 8LXD, EV 94.4 MPH)
Batting: SHB Elvis Lang 0-0: Ball
1-0: Ground out 1-3 (Groundball, 34S, EV 67.5 MPH)
Batting: LHB Jesús Benavidez 0-0: Ball
1-0: SINGLE (Flyball, 56D, EV 91.3 MPH)
Batting: RHB César Otero 0-0: Ball
1-0: Called Strike
1-1: Foul Ball, location: 2F
1-2: Ball
2-2: Ball
3-2: Foul Ball, location: 5FF
3-2: Strikes out swinging
Top of the 4th over - 0 runs, 1 hit, 0 errors, 1 left on base; Indianapolis 1 - Altoona 0
BOTTOM OF THE 4TH
Altoona Curve batting - Pitching for Indianapolis Indians : RHP Sergio Quiñonez
Batting: LHB Albert Hernández 0-0: Foul Ball, location: 2F
0-1: Ball
1-1: Ball
2-1: Swinging Strike
2-2: Strikes out swinging
Batting: LHB Joe Myers 0-0: Called Strike
0-1: Called Strike
0-2: Ball
1-2: Ball
2-2: Foul Ball, location: 25F
2-2: Ball
3-2: TRIPLE (Line Drive, 9LD, EV 105.6 MPH)
Batting: SHB Dave Brooks 0-0: Swinging Strike
0-1: Called Strike
0-2: Ball
1-2: Ball
2-2: Ball
3-2: Strikes out swinging
Batting: RHB Tomás Alvarado 0-0: Ball
1-0: Foul Ball, location: 23F
1-1: DOUBLE (Line Drive, 78D, EV 102.5 MPH)
Joe Myers scores
Batting: RHB Josh Thompson 0-0: Called Strike
0-1: Ball
1-1: Ball
2-1: Foul Ball, location: 2F
2-2: Foul Ball, location: 9LDF
2-2: Strikes out swinging
Bottom of the 4th over - 1 run, 2 hits, 0 errors, 1 left on base; Indianapolis 1 - Altoona 1
TOP OF THE 5TH
Indianapolis Indians batting - Pitching for Altoona Curve : RHP Bob Ellison
Batting: RHB José Vargas 0-0: Swinging Strike
0-1: Foul Ball, location: 2F
0-2: Ball
1-2: Ball
2-2: Ball
3-2: SOLO HOME RUN (Flyball, 89XD, EV 98.1 MPH), Distance : 389 ft
Batting: RHB Chris Smith 0-0: Swinging Strike
0-1: Ball
1-1: Called Strike
1-2: Fly out, F7 (Flyball, 7S, EV 84.4 MPH)
Batting: RHB Manny García 0-0: Called Strike
0-1: Ball
1-1: Ground out 6-3 (Groundball, 6, EV 84.4 MPH)
Batting: RHB Manny Martínez 0-0: Ball
1-0: Foul Ball, location: 5F
1-1: Ball
2-1: Ball
3-1: Base on Balls
Batting: RHB Steve Jenkins 0-0: Foul Ball, location: 3DF
0-1: Foul Ball, location: 2F
0-2: Foul Ball, location: 2LF
0-2: Ball
1-2: Fielders Choice at 2nd, 5-4 (Groundball, 56, EV 89.4 MPH)
Top of the 5th over - 1 run, 1 hit, 0 errors, 1 left on base; Indianapolis 2 - Altoona 1
BOTTOM OF THE 5TH
Altoona Curve batting - Pitching for Indianapolis Indians : RHP Sergio Quiñonez
Batting: RHB Bob Ellison 0-0: Swinging Strike
0-1: Swinging Strike
0-2: Strikes out swinging
Batting: LHB Jim Unknown 0-0: Ball
1-0: Ball
2-0: Called Strike
2-1: Ground out U3 (Groundball, 3, EV 82.5 MPH)
Batting: SHB Ernesto Ramírez 0-0: Ball
1-0: Called Strike
1-1: Fly out, F9 (Flyball, 89M, EV 93.1 MPH)
Bottom of the 5th over - 0 runs, 0 hits, 0 errors, 0 left on base; Indianapolis 2 - Altoona 1
TOP OF THE 6TH
Indianapolis Indians batting - Pitching for Altoona Curve : RHP Bob Ellison
Batting: RHB Johnny Owen 0-0: Ball
1-0: Called Strike
1-1: Foul Ball, location: 5FF
1-2: Ball
2-2: SINGLE (Line Drive, 5D, EV 73.1 MPH)
Batting: SHB Elvis Lang 0-0: Called Strike
0-1: Foul Ball, location: 9LMF
0-2: Ball
1-2: Strikes out swinging
Batting: LHB Jesús Benavidez 0-0: Ball
Johnny Owen steals 2nd base (no throw)
1-0: Swinging Strike
1-1: 2-RUN HOME RUN (Flyball, 89XD, EV 99.4 MPH), Distance : 389 ft
Batting: RHB César Otero 0-0: Ball
1-0: Ball
2-0: Foul Ball, location: 2F
2-1: Ball
3-1: Base on Balls
Batting: RHB José Vargas 0-0: Called Strike
0-1: Ball
César Otero steals 2nd base
1-1: Fly out, F8 (Flyball, 8LM, EV 92.5 MPH)
Batting: RHB Chris Smith 0-0: Ball
1-0: Called Strike
1-1: Ball
2-1: Fly out, F8 (Line Drive, 89M, EV 103.8 MPH)
Top of the 6th over - 2 runs, 2 hits, 0 errors, 1 left on base; Indianapolis 4 - Altoona 1
BOTTOM OF THE 6TH
Altoona Curve batting - Pitching for Indianapolis Indians : RHP Sergio Quiñonez
Batting: RHB Eric Simon 0-0: Called Strike
0-1: Fly out, F9 (Flyball, 89S, EV 78.1 MPH)
Batting: LHB Albert Hernández 0-0: Ball
1-0: Ball
2-0: Ball
3-0: Called Strike
3-1: Base on Balls
Batting: LHB Joe Myers 0-0: Ball
1-0: Ball
2-0: Ball
3-0: Base on Balls
Albert Hernández to second
Batting: SHB Dave Brooks 0-0: Foul Ball, location: 5F
0-1: 3-RUN HOME RUN (Flyball, 89XD, EV 103.1 MPH), Distance : 425 ft
Batting: RHB Tomás Alvarado 0-0: Ball
1-0: DOUBLE (Flyball, 89XD, EV 101.3 MPH)
Batting: RHB Josh Thompson 0-0: Ball
1-0: Foul Ball, location: 9LSF
1-1: Ball
2-1: Ball
3-1: Swinging Strike
3-2: Foul Ball, location: 3DF
3-2: Foul Ball, location: 3F
3-2: Base on Balls
Batting: RHB Bob Ellison 0-0: Called Strike
0-1: Foul Ball, location: 3SF
0-2: Strikes out looking
Pitching: RHP Johnathan Watson
Batting: LHB Jim Unknown 0-0: Fielders Choice at 2nd, 6-4 (Groundball, 56, EV 86.3 MPH)
Bottom of the 6th over - 3 runs, 2 hits, 0 errors, 2 left on base; Indianapolis 4 - Altoona 4
TOP OF THE 7TH
Indianapolis Indians batting - Pitching for Altoona Curve : RHP Bob Ellison
Batting: RHB Manny García 0-0: Ground out 5-3 (Groundball, 5, EV 76.9 MPH)
Batting: RHB Manny Martínez 0-0: Called Strike
0-1: Swinging Strike
0-2: Ball
1-2: SINGLE (Flyball, 89S, EV 88.8 MPH)
Pitching: RHP José Novales
Batting: RHB Steve Jenkins 0-0: Ball
Wild Pitch!
Manny Martínez to second
1-0: Swinging Strike
1-1: Ball
2-1: Ball
3-1: Base on Balls
Batting: RHB Johnny Owen 0-0: Called Strike
0-1: Ball
1-1: Fly out, F7 (Flyball, 7LD, EV 76.9 MPH)
Runner from 2nd tags up, SAFE at 3rd, no throw by LF
Batting: SHB Elvis Lang 0-0: Called Strike
0-1: Foul Ball, location: 2F
0-2: 3-RUN HOME RUN (Flyball, 78XD, EV 103.1 MPH), Distance : 385 ft
Batting: LHB Jesús Benavidez 0-0: Fly out, F6 (Popup, 6M, EV 55.6 MPH)
Top of the 7th over - 3 runs, 2 hits, 0 errors, 0 left on base; Indianapolis 7 - Altoona 4
BOTTOM OF THE 7TH
Altoona Curve batting - Pitching for Indianapolis Indians : RHP Johnathan Watson
Batting: SHB Ernesto Ramírez 0-0: Called Strike
0-1: Ball
1-1: DOUBLE (Line Drive, 9LS, EV 107.5 MPH)
Pinch Hitting: LHB Gene Norman 0-0: Called Strike
0-1: Foul Ball, location: 2F
0-2: Ball
1-2: Foul Ball, location: 2F
1-2: Ball
2-2: Foul Ball, location: 5F
2-2: Ball
3-2: Hit by Pitch
Batting: LHB Albert Hernández 0-0: Called Strike
0-1: Called Strike
0-2: Foul Ball, location: 23F
0-2: Strikes out swinging
Batting: LHB Joe Myers 0-0: Called Strike
0-1: Ball
1-1: Fly out, F7 (Line Drive, 7, EV 110.6 MPH)
Batting: SHB Dave Brooks 0-0: Ball
1-0: Ground out 3-1 (Groundball, 34, EV 86.9 MPH)
Bottom of the 7th over - 0 runs, 1 hit, 0 errors, 2 left on base; Indianapolis 7 - Altoona 4
TOP OF THE 8TH
Indianapolis Indians batting - Pitching for Altoona Curve : RHP José Novales
Now at 2B: Augusto Padilla
Batting: RHB César Otero 0-0: Ball
1-0: Called Strike
1-1: SOLO HOME RUN (Flyball, 7D, EV 98.1 MPH), Distance : 368 ft
Pitching: RHP Albert Martínez
Batting: RHB José Vargas 0-0: Fly out, F8 (Flyball, 78S, EV 97.5 MPH)
Batting: RHB Chris Smith 0-0: Called Strike
0-1: Foul Ball, location: 2F
0-2: Strikes out looking
Batting: RHB Manny García 0-0: Ball
1-0: Ground out 5-3 (Groundball, 56, EV 103.8 MPH)
Top of the 8th over - 1 run, 1 hit, 0 errors, 0 left on base; Indianapolis 8 - Altoona 4
BOTTOM OF THE 8TH
Altoona Curve batting - Pitching for Indianapolis Indians : RHP Johnathan Watson
Batting: RHB Tomás Alvarado 0-0: Ground out 5-3 (Groundball, 5S, EV 86.3 MPH)
Batting: RHB Josh Thompson 0-0: Ball
1-0: Ball
2-0: Fly out, F4 (Popup, 34, EV 82.5 MPH)
Batting: LHB Juan Luis Guevara 0-0: Swinging Strike
0-1: Ball
1-1: Foul Ball, location: 9LDF
1-2: Foul Ball, location: 2F
1-2: SINGLE (Groundball, 34D, EV 98.1 MPH)
Batting: LHB Jim Unknown 0-0: Ball
1-0: Ball
2-0: Foul Ball, location: 5F
2-1: SINGLE (Groundball, 4MD, EV 96.9 MPH)
Juan Luis Guevara to second
Batting: SHB Ernesto Ramírez 0-0: Swinging Strike
0-1: Foul Ball, location: 5FF
0-2: Foul Ball, location: 7LSF
0-2: Ball
1-2: Fielders Choice at 2nd, 6-4 (Groundball, 6, EV 84.4 MPH)
Bottom of the 8th over - 0 runs, 2 hits, 0 errors, 2 left on base; Indianapolis 8 - Altoona 4
TOP OF THE 9TH
Indianapolis Indians batting - Pitching for Altoona Curve : RHP Albert Martínez
Pitching: LHP Dave Palmeiro
Batting: RHB Manny Martínez 0-0: Called Strike
0-1: Ball
1-1: Swinging Strike
1-2: SINGLE (Flyball, 9LS, EV 93.1 MPH)
Batting: RHB Steve Jenkins 0-0: Ball
1-0: Ball
2-0: Ball
3-0: Called Strike
3-1: Base on Balls
Manny Martínez to second
Batting: RHB Johnny Owen 0-0: Fly out, F8 (Flyball, 8LXD, EV 96.3 MPH)
Runner from 2nd tags up, SAFE at 3rd, no throw by CF
Batting: SHB Elvis Lang 0-0: Foul Ball, location: 2F
0-1: Ball
1-1: Ball
2-1: Foul Ball, location: 2F
2-2: Ball
3-2: Strikes out swinging
Batting: LHB Jesús Benavidez 0-0: Called Strike
0-1: Ball
1-1: Ball
2-1: Called Strike
2-2: Strikes out swinging
Top of the 9th over - 0 runs, 1 hit, 0 errors, 2 left on base; Indianapolis 8 - Altoona 4
BOTTOM OF THE 9TH
Altoona Curve batting - Pitching for Indianapolis Indians : RHP Johnathan Watson
Batting: RHB Augusto Padilla 0-0: Called Strike
0-1: Ball
1-1: Ball
2-1: Ground out 4-3 (Groundball, 4M, EV 91.9 MPH)
Batting: LHB Albert Hernández 0-0: Called Strike
0-1: Foul Ball, location: 7LDF
0-2: Ball
1-2: SOLO HOME RUN (Flyball, 9LD, EV 96.3 MPH), Distance : 347 ft
Batting: LHB Joe Myers 0-0: Swinging Strike
0-1: Ground out 4-3 (Groundball, 4, EV 80.0 MPH)
Batting: SHB Dave Brooks 0-0: Ball
1-0: Foul Ball, location: 7LSF
1-1: Fly out, F8 (Flyball, 8LD, EV 85.0 MPH)
Bottom of the 9th over - 1 run, 1 hit, 0 errors, 0 left on base; Indianapolis 8 - Altoona 5
Monday, April 1st , 2024 - OOTP Baseball 24.10 Build 82